 Dungeon Crawl Stone Soup version 0.31-a0-233-g139696dc86 (webtiles) character file.

Game seed: 115127496576715360

120 qw the Shooter (level 5, -3/30 HPs)
             Began as a Gargoyle Hexslinger on July 8, 2023.
             Killed by divine providence
             ... invoked by an orc priest
              (12 damage)
             ... on level 3 of the Dungeon.
             The game lasted 00:00:37 (1858 turns).

qw the Shooter (Gargoyle Hexslinger)                Turns: 1858, Time: 00:00:37

Health: -3/30      AC:  6    Str: 11    XL:     5   Next: 4%
Magic:  6/6        EV: 12    Int: 14    God:
Gold:   65         SH:  0    Dex: 14    Spells: 5/6 levels left

rFire   . . .        Y - +2 sling (freeze)
rCold   + . .        (no shield)
rNeg    + . .        c - +0 robe
rPois   inf          (no helmet)
rElec   +            (no cloak)
rCorr   .            (no gloves)
SInv    .            (no boots)
Will    .....        (no amulet)
Stlth   +            g - ring of protection from cold
HPRegen 0.25/turn    (no ring)
MPRegen 0.10/turn

%: no passive effects
@: no status effects
A: sickness immunity, AC +4, negative energy resistance 1, electricity
resistance, torment resistance 1, petrification resistance
a: no special abilities


You were on level 3 of the Dungeon.
You visited 1 branch of the dungeon, and saw 3 of its levels.

You collected 65 gold pieces.


Innate Abilities, Weirdness & Mutations

You are immune to sickness and miasma.
Your stone body is resilient. (AC +4)
You are immune to poison.
You resist negative energy. (rN+)
You are resistant to electric shocks. (rElec)
You are resistant to unholy torment.
You are immune to petrification.


   Skills:
 - Level 2.0 Fighting
 + Level 4.8 Ranged Weapons
 - Level 1.5 Dodging
 - Level 1.0 Spellcasting
 - Level 2.6 Hexes


You had 5 spell levels left.
You knew the following spells:

 Your Spells              Type           Power      Damage    Failure   Level
a - Slow                  Hex            32%        N/A       9%          1

Your spell library contained the following spells:

 Spells                   Type           Power      Damage    Failure   Level
 Inner Flame              Hex/Fire       4%         N/A       41%         3
 Portal Projectile        Hex/Tloc       8%         N/A       41%         3
 Cause Fear               Hex            4%         N/A       65%         4

Inventory:

Hand Weapons
 Y - a +2 sling of freezing (weapon)
Armour
 c - a +0 robe (worn)
Jewellery
 g - a ring of protection from cold (left hand)
Scrolls
 a - a scroll of identify
 b - a scroll of blinking {unknown}
Potions
 e - 2 potions of heal wounds
 j - a potion of enlightenment

Dungeon Overview and Level Annotations

Branches:
Dungeon (3/15)

Altars:


Message History

You kill the orc!
Something barely misses you. Something hits you.
You shoot a sling bullet.
The sling bullet barely misses the orc priest.
Something hits you.
You shoot a sling bullet. Something hits you but does no damage.
Something hits you.
1852 ||| DRINKING 3 potions of heal wounds.
You feel much better. Something hits you.
The orc priest casts a cantrip, but nothing happens.
Something hits you but does no damage.
You shoot a sling bullet.
The sling bullet hits the orc priest but does no damage.
The orc priest is moderately wounded.
Something hits you.
You shoot a sling bullet. The sling bullet hits the orc priest.
The sling bullet freezes the orc priest.
The orc priest is heavily wounded.
Something hits you but does no damage.
You hear some strange, mumbled words.
A puff of flame appears from out of thin air!
The puff of flame hits you!
You shoot a sling bullet.
You hear some strange, mumbled words.
A puff of flame appears from out of thin air!
The puff of flame hits you!
You shoot a sling bullet.
Reactivating autopickup.
You feel a bit more experienced.
You have reached level 5!
You shoot a sling bullet.
The sling bullet closely misses the orc priest.
The orc priest hits you but does no damage.
You shoot a sling bullet. The sling bullet hits the orc priest.
The sling bullet freezes the orc priest.
The orc priest is severely wounded.
The orc priest calls down the wrath of Beogh upon you.
Beogh smites you!
You die...

...............
#.......#######
#.#####.#......
#.#.#<#.#.#####
#.#.......#
#.#.#.#...#
#.#...#...#
##########.#...#...#
.....)o@.......#...#
...#######.#...#...#
..............#...#
..#######.##..#...#
####........#...##.##
..............>.#....
###......####...#####
#......')##...#####
#......#.##........


You could see an orc priest.

Vanquished Creatures
  An orc priest (D:3)
  An orc wizard (D:3)
  An adder (D:2)
  A worm (D:2)
  A dart slug (D:2)
  2 orcs (D:3)
  3 bats
  5 endoplasms
  A giant cockroach (D:1)
  A hobgoblin (D:3)
  3 jackals (D:2)
  8 kobolds
  6 ball pythons
  4 frilled lizards
  7 goblins
  3 rats (D:1)
48 creatures vanquished.

Notes
Turn   | Place    | Note
-------+----------+-------------------------------------------
     0 | D:1      | qw the Gargoyle Hexslinger began the quest for the Orb.
     0 | D:1      | Reached XP level 1. HP: 12/12 MP: 2/2
     0 | D:1      | 0 ||| qw: Version: 0.3-a-46-gb1f654a
     0 | D:1      | 0 ||| qw: Game counter: 3762
     0 | D:1      | 0 ||| qw: Melee chars always use a shield: true
     0 | D:1      | 0 ||| qw: God list: Okawaru
     0 | D:1      | 0 ||| qw: Allow faded altars: false
     0 | D:1      | 0 ||| qw: Do Orc after clearing Dungeon:15 true
     0 | D:1      | 0 ||| qw: Do second Lair branch before Depths: true
     0 | D:1      | 0 ||| qw: Lair rune preference: random
     0 | D:1      | 0 ||| qw: Goals: Normal
     0 | D:1      | 0 ||| PLANNING D:1-11
   235 | D:1      | Reached XP level 2. HP: 16/16 MP: 3/3
   317 | D:1      | Reached skill level 3 in Ranged Weapons
   701 | D:1      | You fall into a shaft and drop 1 floor!
   727 | D:2      | Noticed a golden eye
   729 | D:2      | Found a faded altar of an unknown god.
   731 | D:2      | Noticed a golden eye
   731 | D:2      | Noticed a floating eye
   731 | D:2      | Noticed an eye of devastation
   749 | D:2      | Reached XP level 3. HP: 21/21 MP: 4/4
   803 | D:2      | 803 ||| UPGRADING to ring of protection from cold.
   804 | D:2      | 804 ||| READING 4 scrolls labelled BOERID ZUAPS.
   805 | D:2      | 805 ||| READING scroll labelled ORYRESHRE YDATI.
   806 | D:2      | 806 ||| DRINKING 2 brown potions.
   848 | D:2      | 848 ||| READING 3 scrolls of identify.
   848 | D:2      | 848 ||| IDENTIFYING clear potion
   849 | D:2      | 849 ||| READING 2 scrolls of identify.
   849 | D:2      | 849 ||| IDENTIFYING fizzy yellow potion
   850 | D:2      | 850 ||| DROPPING scroll of poison.
   851 | D:2      | 851 ||| DROPPING potion of degeneration.
   852 | D:2      | 852 ||| DROPPING potion of lignification.
   858 | D:2      | 858 ||| FLEEEEING.
   859 | D:2      | 859 ||| FLEEEEING.
   860 | D:2      | 860 ||| STAIRDANCE
  1474 | D:2      | Reached XP level 4. HP: 26/26 MP: 5/5
  1726 | D:2      | 1726 ||| READING scroll labelled QELEEFR VEMIA.
  1727 | D:2      | 1727 ||| READING scroll labelled DOUM TOGHU.
  1728 | D:2      | 1728 ||| READING 2 scrolls of identify.
  1728 | D:2      | 1728 ||| IDENTIFYING glowing white potion
  1840 | D:3      | Reached skill level 4 in Ranged Weapons
  1851 | D:3      | HP: 6/26 [something (4)]
  1852 | D:3      | 1852 ||| DRINKING 3 potions of heal wounds.
  1857 | D:3      | Reached XP level 5. HP: 8/30 MP: 6/6
  1858 | D:3      | Killed from afar by an orc priest

Levels and vault maps discovered:
D:1:      eino_arrival_water_cross, layout_basic, serial_aquarium,
          aquarium_bridge_straight [aquarium_subvault_bridge,
          aquarium_subvault_wall, aquarium_subvault_bridge,
          aquarium_subvault_window], aquarium_bridge_square
          [aquarium_subvault_wall, aquarium_subvault_wall,
          aquarium_subvault_bridge, aquarium_subvault_wall], aquarium_window_2,
          aquarium_window_2, aquarium_window_fake, aquarium_window_2,
          aquarium_view_2d
D:2:      layout_loops_ring, hellmonk_ecumenical_altar_watching_god,
          corexii_hall_statues_t
D:3:      layout_basic, nemelex_diamond_rough_becter, serial_shops, shop

Skill      XL: |  1  2  3  4 |
---------------+-------------+-----
Ranged Weapons | 3 4 |  4.8
Fighting       | 2 |  2.0
Dodging        | |  1.5
Spellcasting   | |  1.0
Hexes          | |  2.6

Action                     |  1- 3 |  4- 6 || total
---------------------------+-------+-------++-------
   Fire: Sling             |   104 |    24 ||   128
    Use: Scroll            |     4 |     3 ||     7
         Potion            |     1 |     1 ||     2
 Armour: Robe              |     9 |     6 ||    15
  Dodge: Dodged            |    19 |     2 ||    21

Table legend:
 A = Non-vault XP
 B = Vault XP
 C = Vault XP percentage of total XP
 D = Non-vault monster count
 E = Vault monster count
 F = Vault count percentage of total count
                 A         B        C        D         E       F
            +---------+---------+-------+---------+---------+-------
      Total |     172 |       0 |   0.0 |      48 |       0 |   0.0
            +---------+---------+-------+---------+---------+-------
        D:1 |      42 |       0 |   0.0 |      27 |       0 |   0.0
        D:2 |      43 |       0 |   0.0 |      16 |       0 |   0.0
        D:3 |      87 |       0 |   0.0 |       5 |       0 |   0.0
            +---------+---------+-------+---------+---------+-------
